[Event "Team 45 45 League T40"]
[Site "Internet Chess Club"]
[Date "2009.02.06"]
[Round "2"]
[White "predkoo"]
[Black "Kravier"]
[Result "1-0"]
[WhiteElo "1762"]
[BlackElo "1574"]
[Opening "Bird's opening"]
[ECO "A02"]
[Time "22:00:06"]
[TimeControl "2700+45"]

1. f4 d6 2. e3 e5 3. Nf3 Bg4 4. Be2 Nc6 5. O-O h5 6. b3 g6 7. Bb2 Bg7 8. fxe5
dxe5 9. Nc3 e4 10. Ne1 f5 11. Rb1 Qd7 12. d3 O-O-O 13. Bxg4 hxg4 14. dxe4 Qe7
15. Qe2 Qe5 16. g3 Qa5 17. Nd5 Bxb2 18. Rxb2 Nge7 19. c4 Nxd5 20. cxd5 Ne5 21.
exf5 gxf5 22. Rxf5 Rxd5 23. e4 Rd4 24. Kf1 Rhd8 25. b4 Qa3 26. Rxe5 Rd1 27.
Qxg4+ R1d7 28. Rd2 Rf8+ 29. Kg2 Qa4 30. Red5 Qa6 31. Qxd7+ Kb8 32. Qd8+ {Black
resigns} 1-0

[Event "Team 45 45 League T40"]
[Site "Internet Chess Club"]
[Date "2009.02.07"]
[Round "2"]
[White "FiendAngelical"]
[Black "natethegreat"]
[Result "1/2-1/2"]
[WhiteElo "1966"]
[BlackElo "1799"]
[Opening "Sicilian: dragon, Yugoslav attack, 10.O-O-O"]
[ECO "B78"]
[Time "21:07:38"]
[TimeControl "2700+45"]

1. e4 c5 2. Nf3 d6 3. d4 cxd4 4. Nxd4 Nf6 5. Nc3 g6 6. Be3 Bg7 7. f3 Nc6 8. Qd2
O-O 9. Bc4 Bd7 10. O-O-O Ne5 11. Bb3 Rc8 12. h4 h5 13. Bg5 Nc4 14. Qe2 Na5 15.
Kb1 Nxb3 16. axb3 Re8 17. Bxf6 Bxf6 18. g4 Qb6 19. Qd2 Qxd4 20. Qxd4 Bxd4 21.
Rxd4 hxg4 22. e5 Bc6 23. exd6 Rcd8 24. Nd5 Bxd5 25. Rxd5 gxf3 26. d7 Rf8 27. Rf1
f6 28. Rxf3 Kf7 29. Rfd3 e5 30. Kc1 Ke7 31. Rg3 Ke6 32. c4 Rg8 33. h5 g5 34. h6
Rh8 35. Rh3 Rxd7 36. Rxd7 Kxd7 37. Kd2 Ke6 38. Ke3 g4 39. Rh1 f5 40. b4 b6 41.
h7 f4+ 42. Ke4 g3 43. Kf3 Kf6 44. c5 bxc5 45. bxc5 Ke6 46. b4 Kd5 47. Rh4 e4+
48. Kxf4 g2 49. Rg4 Rxh7 50. Rxg2 Rf7+ 51. Ke3 Rf3+ 52. Kd2 Rb3 53. Rg7 Rxb4 54.
Rd7+ Kxc5 55. Rxa7 Kc6 56. Ra5 Kd6 57. Rg5 Rb3 58. Ra5 Ke6 59. Rg5 Rd3+ 60. Ke2
Rd5 61. Rxd5 Kxd5 62. Kd2 Kd4 63. Ke2 Kd5 64. Kd2 Ke5 65. Ke2 Kd4 66. Kd2 e3+
67. Ke1 Kd3 68. Kd1 Ke4 69. Ke2 Kd4 70. Ke1 Kd3 71. Kd1 Ke4 72. Ke2 Kf4 73. Ke1
Kf3 74. Kf1 Ke4 75. Ke2 Kf4 76. Ke1 Ke5 {Game drawn by mutual agreement} 1/2-1/2

[Event "Team 45 45 League T40"]
[Site "Internet Chess Club"]
[Date "2009.02.07"]
[Round "2"]
[White "RLLN"]
[Black "vkpanch"]
[Result "0-1"]
[WhiteElo "1577"]
[BlackElo "1673"]
[Opening "Sicilian: accelerated fianchetto, modern variation"]
[ECO "B34"]
[Time "10:37:05"]
[TimeControl "2700+45"]

1. e4 c5 2. Nf3 Nc6 3. d4 cxd4 4. Nxd4 g6 5. Nc3 Bg7 6. Be3 Nf6 7. f3 Qb6 8. Qd2
Nxe4 9. Nxe4 Nxd4 10. c3 Nc2+ 11. Qxc2 Qxe3+ 12. Qe2 Qb6 13. O-O-O O-O 14. h4 a5
15. h5 a4 16. hxg6 fxg6 17. Ng5 a3 18. Qc4+ e6 19. b3 Qe3+ {White resigns} 0-1

[Event "Team 45 45 League T40"]
[Site "Internet Chess Club"]
[Date "2009.02.14"]
[Round "2"]
[White "soccerisfun"]
[Black "foodfight"]
[Result "1-0"]
[WhiteElo "1399"]
[BlackElo "1530"]
[Opening "Sicilian: Kan, 5.Nc3"]
[ECO "B43"]
[Time "16:00:23"]
[TimeControl "2700+45"]

1. e4 c5 2. Nf3 e6 3. d4 cxd4 4. Nxd4 a6 5. Nc3 b5 6. a3 Bb7 7. Be3 Qc7 8. Qd2
Nf6 9. Bd3 Be7 10. O-O O-O 11. b4 d5 12. exd5 Nxd5 13. Nxd5 Bxd5 14. Bh6 Bf6 15.
Be3 Nc6 16. c3 Nxd4 17. cxd4 Rfd8 18. Rac1 Qb7 19. f3 e5 20. dxe5 Bc4 21. Be4
Qxe4 22. Qxd8+ Rxd8 23. fxe4 Bxe5 24. Rfd1 Rxd1+ 25. Rxd1 h6 26. Bd4 Bf4 27. g3
Bg5 28. h4 Be7 29. Bc5 Bf6 30. Rd6 Be5 31. Rxa6 Bxg3 32. h5 Be5 33. a4 bxa4 34.
Rxa4 Bd3 35. Ra8+ Kh7 36. Re8 Bf4 37. Kf2 g5 38. Bd4 Bd2 39. Rh8# {Black
checkmated} 1-0

[Event "Team 45 45 League T40"]
[Site "Internet Chess Club"]
[Date "2009.02.08"]
[Round "2"]
[White "BotanicalKnight"]
[Black "g8wrb"]
[Result "1-0"]
[WhiteElo "1606"]
[BlackElo "1578"]
[Opening "French defense"]
[ECO "C00"]
[Time "09:00:52"]
[TimeControl "2700+45"]

1. e4 e6 2. g3 d5 3. e5 c5 4. Bg2 Nc6 5. f4 Nh6 6. Nc3 Nf5 7. d3 Qb6 8. Nf3 Be7
9. O-O h5 10. a3 h4 11. g4 Nfd4 12. h3 c4 13. Kh1 cxd3 14. Qxd3 Bd7 15. Be3 Bc5
16. Na4 Nxe5 17. fxe5 Bxa4 18. Nxd4 Bb5 19. Qxb5+ Qxb5 20. Nxb5 Bxe3 21. Nc7+
Kd7 22. Nxa8 Bd4 23. Rxf7+ {Black resigns} 1-0

[Event "Team 45 45 League T40"]
[Site "Internet Chess Club"]
[Date "2009.02.07"]
[Round "2"]
[White "Visin"]
[Black "Sir-Anthony"]
[Result "1/2-1/2"]
[WhiteElo "1311"]
[BlackElo "1548"]
[Opening "Bishop's opening: Berlin defense"]
[ECO "C24"]
[Time "16:00:13"]
[TimeControl "2700+45"]

1. e4 e5 2. Bc4 Nf6 3. d3 c6 4. Nc3 b5 5. Bb3 a5 6. a3 b4 7. axb4 Bxb4 8. Bd2
Na6 9. Na4 Bxd2+ 10. Qxd2 Nb8 11. Nf3 d5 12. Nc3 O-O 13. O-O d4 14. Ne2 Qc7 15.
h3 c5 16. c3 Nc6 17. Rfc1 Qd6 18. cxd4 cxd4 19. Ng3 Ne7 20. Rxa5 Rxa5 21. Qxa5
Ng6 22. Qc5 Qb8 23. Qc2 Ba6 24. Qd1 Nf4 25. Bc4 Bxc4 26. Rxc4 Qxb2 27. Nxe5 Ra8
28. Qc1 Qxc1+ 29. Rxc1 Re8 30. Nf3 Nxd3 31. Rd1 Nc5 32. e5 Nfd7 33. Rxd4 h6 34.
Rd5 Rd8 35. Ne2 Ne6 36. Nfd4 Nb6 37. Rxd8+ Nxd8 38. f4 g5 39. g3 Kg7 40. Nf5+
Kg6 41. Ne7+ Kg7 42. fxg5 hxg5 43. Nf5+ Kg6 44. Nd6 Ne6 45. Kg2 Nd5 46. Kf3 Ne7
47. g4 Nc6 48. Nc4 Nc5 49. Ng3 {Game drawn by mutual agreement} 1/2-1/2

[Event "Team 45 45 League T40"]
[Site "Internet Chess Club"]
[Date "2009.02.07"]
[Round "2"]
[White "rd00d"]
[Black "betto2506"]
[Result "1/2-1/2"]
[WhiteElo "1397"]
[BlackElo "1454"]
[Opening "Sicilian: Pelikan (Lasker/Sveshnikov) variation"]
[ECO "B33"]
[Time "21:00:08"]
[TimeControl "2700+45"]

1. e4 c5 2. Nf3 Nc6 3. d4 cxd4 4. Nxd4 Nf6 5. Nc3 e5 6. Nf5 g6 7. Nh6 Bg7 8. Bc4
Rf8 9. Bg5 Qb6 10. Rb1 Nd4 11. O-O Ne6 12. Bxf6 Bxf6 13. Nd5 Qd8 14. Ng4 Bg7 15.
Qf3 Nf4 16. Qc3 Nxd5 17. Bxd5 d6 18. Ne3 Qb6 19. Bb3 Qc5 20. Qxc5 dxc5 21. Nd5
Rb8 22. Rbd1 b6 23. Bc4 b5 24. Nc7+ Ke7 25. Nxb5 Ba6 26. a4 Bxb5 27. Bxb5 Rfd8
28. b3 Rd4 29. f3 Rbd8 30. Rd3 f6 31. Rfd1 Rxd3 32. Rxd3 Rxd3 33. Bxd3 a5 34.
Kf2 Bh6 35. Bc4 Kf8 36. Ke2 Bc1 37. Kd3 h6 38. Bd5 Ke7 39. Kc4 Kd6 40. Kb5 Bd2
41. Kb6 g5 42. g4 Bb4 43. h3 Kd7 44. Kb5 Kd6 45. Kc4 Be1 46. Kb5 Bd2 47. Bc6 Be1
48. Bd5 Bb4 49. Kc4 Be1 50. Kb5 Bd2 51. Kc4 {Game drawn by mutual agreement}
1/2-1/2

[Event "Team 45 45 League T40"]
[Site "Internet Chess Club"]
[Date "2009.02.07"]
[Round "2"]
[White "IanT"]
[Black "Conjurer"]
[Result "0-1"]
[WhiteElo "1239"]
[BlackElo "1315"]
[Opening "Sicilian: Alapin's variation (2.c3)"]
[ECO "B22"]
[Time "22:00:57"]
[TimeControl "2700+45"]

1. e4 c5 2. c3 d5 3. f3 d4 4. cxd4 cxd4 5. Ne2 e5 6. d3 Nf6 7. f4 Ng4 8. fxe5
Bb4+ 9. Bd2 Ne3 10. Qa4+ Nc6 11. Bxb4 Qh4+ 12. Kd2 Bd7 13. g3 Qg5 14. h4 Nxf1+
15. Ke1 Qe3 16. Rxf1 Nxe5 17. Qb3 Bg4 18. Qa4+ Bd7 19. Qb3 Rc8 20. Qd5 Rc1#
{White checkmated} 0-1

[Event "Team 45 45 League T40"]
[Site "Internet Chess Club"]
[Date "2009.02.06"]
[Round "2"]
[White "Invicta-Knight"]
[Black "goldengel"]
[Result "0-1"]
[WhiteElo "1558"]
[BlackElo "1463"]
[Opening "Center game: Berger variation"]
[ECO "C22"]
[Time "15:07:37"]
[TimeControl "2700+45"]

1. e4 e5 2. d4 exd4 3. Qxd4 Nc6 4. Qe3 Nf6 5. Nc3 Be7 6. Bd2 d5 7. exd5 Nxd5 8.
Nxd5 Qxd5 9. Ne2 Bg4 10. f3 O-O-O 11. fxg4 Bh4+ 12. Kd1 Rhe8 13. Qd3 Qe5 14.
Qf5+ Qxf5 15. gxf5 Bg5 16. g3 Rxd2+ 17. Ke1 Rxc2 18. Bh3 {White resigns} 0-1

[Event "Team 45 45 League T40"]
[Site "Internet Chess Club"]
[Date "2009.02.08"]
[Round "2"]
[White "scottrugby"]
[Black "stputte"]
[Result "1/2-1/2"]
[WhiteElo "1432"]
[BlackElo "1389"]
[Opening "Alekhine's defense: exchange variation"]
[ECO "B03"]
[Time "15:07:46"]
[TimeControl "2700+45"]

1. e4 Nf6 2. e5 Nd5 3. d4 d6 4. c4 Nb6 5. exd6 cxd6 6. Nc3 g6 7. Be3 Bg7 8. Rc1
O-O 9. b3 Bf5 10. g3 Nc6 11. d5 Ne5 12. Be2 h5 13. h3 Ned7 14. g4 Bxc3+ 15. Rxc3
Be4 16. f3 Nxd5 17. cxd5 Qa5 18. b4 Qxb4 19. Bd2 Bxd5 20. Rc7 Qb6 21. Rxd7 Rfe8
22. Be3 Qc6 23. Rc7 Qxc7 24. Qxd5 Qc3+ 25. Bd2 Qc5 26. Qxb7 Rab8 27. Qe4 Rb2 28.
gxh5 Qxh5 29. Qg4 Rb1+ 30. Kf2 Qc5+ 31. Be3 Qa5 32. Qd7 Qe1+ 33. Kg2 Reb8 34.
Bxa7 R1b7 35. Bf2 Qxf2+ 36. Kxf2 Rxd7 37. f4 Rb2 38. a4 Ra7 39. Nf3 Rxa4 40. f5
gxf5 41. h4 Re4 42. Re1 Kg7 43. Kf1 Rf4 44. Bd1 e5 45. Kg1 e4 46. Nd4 Rb4 47.
Nc6 Rb1 48. Nd4 Rb4 49. Nc6 Rc4 50. Na5 Rc1 51. h5 Kh6 52. Nb3 Rc3 53. Re2 Rg3+
54. Kh2 Rg5 55. Kh3 Rxh5+ 56. Kg3 Rh1 57. Kxf4 Rxd1 58. Kxf5 d5 59. Kf6 Rf1+ 60.
Ke5 f6+ 61. Kxd5 f5 62. Nd2 Ra1 63. Ke5 Ra5+ 64. Kf4 Kg6 65. Rg2+ Kf6 66. Nxe4+
fxe4 67. Kxe4 {Game drawn by mutual agreement} 1/2-1/2

[Event "Team 45 45 League T40"]
[Site "Internet Chess Club"]
[Date "2009.02.06"]
[Round "2"]
[White "houseofcook"]
[Black "thefranman"]
[Result "0-1"]
[WhiteElo "1432"]
[BlackElo "1304"]
[Opening "Sicilian: Smith-Morra gambit"]
[ECO "B21"]
[Time "14:15:12"]
[TimeControl "2700+45"]

1. e4 c5 2. d4 cxd4 3. c3 Nf6 4. e5 Nd5 5. cxd4 e6 6. Nf3 Be7 7. Be2 O-O 8. O-O
Nc6 9. Nc3 Nxc3 10. bxc3 a6 11. Qc2 b5 12. Bd3 h6 13. Be4 Bb7 14. a3 Rc8 15. Qe2
Rc7 16. a4 b4 17. cxb4 Bxb4 18. Bd2 Bxd2 19. Qxd2 Qe7 20. Rfb1 Rfc8 21. Rb2 d5
22. Bd3 a5 23. Rab1 Nb4 24. h3 Bc6 25. Bb5 Bxb5 26. axb5 Qd7 27. b6 Rb7 28. Ra1
Qb5 29. Rc1 Rxc1+ 30. Qxc1 Qxb6 31. Qc8+ Kh7 32. Rb1 Rb8 33. Qc1 Qa6 34. Qa3 Rc8
35. Rxb4 Rc2 36. Qd3+ {White resigns} 0-1

[Event "Team 45 45 League T40"]
[Site "Internet Chess Club"]
[Date "2009.02.10"]
[Round "2"]
[White "theartist"]
[Black "JimGaming"]
[Result "0-1"]
[WhiteElo "1183"]
[BlackElo "1319"]
[Opening "Bogo-Indian defense, Grünfeld variation"]
[ECO "E11"]
[Time "15:02:54"]
[TimeControl "2700+45"]

1. d4 Nf6 2. c4 e6 3. Nf3 Bb4+ 4. Nbd2 b6 5. a3 Bxd2+ 6. Bxd2 h6 7. g3 Bb7 8.
Bg2 O-O 9. O-O d6 10. Qc2 Nbd7 11. Rac1 Be4 12. Qc3 Rb8 13. Nh4 Bxg2 14. Nxg2
Ne4 15. Qc2 Nxd2 16. Qxd2 Nf6 17. f3 c5 18. e4 e5 19. dxe5 dxe5 20. Qxd8 Rbxd8
21. Rcd1 Rd4 22. Rxd4 exd4 23. Rd1 Rd8 24. Rd3 Nd7 25. f4 g5 26. Kf2 Nf6 27. e5
Ng4+ 28. Kg1 Kg7 29. h3 Nxe5 30. fxe5 f5 31. exf6+ Kxf6 32. Kf2 Re8 33. Rf3+ Ke5
34. Rf7 d3 35. Rd7 Ke4 36. Ne3 Rf8+ 37. Ke1 Kxe3 38. Re7+ Kd4 39. b3 Kc3 40. Rd7
Kc2 41. b4 Re8+ 42. Kf1 d2 {White resigns} 0-1

[Event "Team 45 45 League T40"]
[Site "Internet Chess Club"]
[Date "2009.02.08"]
[Round "2"]
[White "Mutaant"]
[Black "radiohead"]
[Result "0-1"]
[WhiteElo "1468"]
[BlackElo "1408"]
[Opening "Two knights defense (Modern bishop's opening)"]
[ECO "C55"]
[Time "13:59:31"]
[TimeControl "2700+45"]

1. e4 e5 2. Nf3 Nc6 3. Bc4 Nf6 4. d3 h6 5. Nc3 Bc5 6. O-O O-O 7. a3 d6 8. Na4
Bg4 9. Nxc5 dxc5 10. h3 Bh5 11. Bb5 Nd4 12. Bc4 Nxf3+ 13. gxf3 Nh7 14. Kh2 Qh4
15. Qe2 Ng5 16. Bxg5 Qxg5 17. Qe3 Qe7 18. f4 exf4 19. Qxf4 Rad8 20. Rg1 Rd6 21.
Qf5 Be2 22. Rae1 Rf6 23. Bxf7+ Qxf7 24. Qd5 Qxd5 25. exd5 Rxf2+ 26. Rg2 Rxg2+
27. Kxg2 Bh5 28. Re7 Rf7 29. Re3 Rd7 30. c4 Kh7 31. Kg3 Bg6 32. Kf4 c6 33. b4
cxd5 34. bxc5 dxc4 35. dxc4 Rc7 36. Re5 Bf7 37. Ke3 Bxc4 38. Kd4 Bf1 39. h4 b6
40. cxb6 axb6 41. Re6 b5 42. Rb6 Ra7 {White resigns} 0-1

[Event "Team 45 45 League T40"]
[Site "Internet Chess Club"]
[Date "2009.02.08"]
[Round "2"]
[White "Esslinger"]
[Black "beerss"]
[Result "1-0"]
[WhiteElo "1281"]
[BlackElo "1399"]
[Opening "QGD: 6.Nf3"]
[ECO "D55"]
[Time "15:01:35"]
[TimeControl "2700+45"]

1. d4 d5 2. c4 e6 3. Nc3 Nf6 4. Bg5 Be7 5. e3 O-O 6. Nf3 c6 7. Bd3 Nbd7 8. O-O
Ne8 9. Bxe7 Qxe7 10. Qc2 Ndf6 11. Ne5 Nd6 12. cxd5 cxd5 13. Rac1 a6 14. Na4 Qd8
15. Qc7 Nf5 16. Nb6 Rb8 17. Qxb8 Qxb6 18. Rxc8 Qb4 19. Rxf8+ Qxf8 20. Qxf8+ Kxf8
21. Rc1 g6 22. Rc8+ Kg7 23. Rc7 Nd6 24. Kf1 Nfe8 25. Rd7 Kf8 26. Nxf7 Nxf7 27.
Rxb7 Ned6 28. Ra7 Nh6 29. Rxa6 Ndf7 30. Rxe6 Ng4 31. h3 Ngh6 32. a4 Nd8 33. Rd6
Ke7 34. Rxd5 Nc6 35. a5 Nb4 36. Re5+ Kd6 37. Ke2 Nf7 38. Rb5 Nc6 39. a6 Na7 40.
Rb7 {Black resigns} 1-0

[Event "Team 45 45 League T40"]
[Site "Internet Chess Club"]
[Date "2009.02.10"]
[Round "2"]
[White "kingsrook"]
[Black "DrOMM"]
[Result "1/2-1/2"]
[WhiteElo "1230"]
[BlackElo "1260"]
[Opening "Queen's pawn game"]
[ECO "D02"]
[Time "15:30:12"]
[TimeControl "2700+45"]

1. d4 d5 2. Nf3 f6 3. e3 Nc6 4. c3 e5 5. dxe5 fxe5 6. Nxe5 Nxe5 7. Be2 Be6 8.
Nd2 Bd6 9. O-O Qf6 10. e4 O-O-O 11. f4 Bc5+ 12. Kh1 Nc4 13. exd5 Nxd2 14. Bxd2
Bxd5 15. Qe1 Nh6 16. b4 Bd6 17. c4 Be6 18. Bc3 Qg6 19. Rf3 Qf7 20. c5 Bxf4 21.
g3 Bd5 22. gxf4 Bxf3+ 23. Bxf3 Qxf4 24. Qf2 Nf5 25. Bxb7+ Kxb7 26. Qxf4 Rhf8 27.
Qf3+ c6 28. b5 Ng3+ 29. Qxg3 g6 30. Qg2 Rc8 31. a4 Rf5 32. Bd4 Rd5 33. Qe4 Rcd8
34. Rd1 a6 35. b6 R8d7 36. Rd2 g5 37. h4 gxh4 38. Qxh4 Rf7 39. Kh2 a5 40. Rf2
Rfd7 41. Rd2 Rf7 42. Rf2 Rfd7 43. Rd2 Rf7 44. Rf2 Rfd7 45. Rd2 Rf7 46. Rf2 Rfd7
{Game drawn by repetition} 1/2-1/2

[Event "Team 45 45 League T40"]
[Site "Internet Chess Club"]
[Date "2009.02.06"]
[Round "2"]
[White "Chess2Play"]
[Black "parrot9"]
[Result "1/2-1/2"]
[WhiteElo "1662"]
[BlackElo "1714"]
[Opening "QGD Slav defense"]
[ECO "D10"]
[Time "16:04:56"]
[TimeControl "2700+45"]

1. d4 d5 2. c4 c6 3. Nc3 Nf6 4. Bg5 Nbd7 5. e3 h6 6. Bh4 e6 7. cxd5 exd5 8. Nf3
Be7 9. Bd3 O-O 10. Qc2 Re8 11. O-O Ne4 12. Bxe7 Qxe7 13. Nd2 Nxd2 14. Qxd2 Nf6
15. Rfe1 Ne4 16. Nxe4 dxe4 17. Bc4 Be6 18. Bxe6 Qxe6 19. b4 Rad8 20. Rec1 f5 21.
Rc5 a6 22. a4 Rd5 23. Qa2 Rxc5 24. Qxe6+ Rxe6 25. bxc5 Kf7 26. Rb1 Re7 27. a5
Rd7 28. Kf1 Ke6 29. Ke2 Kd5 30. Rb4 g5 31. h3 h5 32. g3 Rh7 33. Rb1 {Game drawn
by mutual agreement} 1/2-1/2

[Event "Team 45 45 League T40"]
[Site "Internet Chess Club"]
[Date "2009.02.06"]
[Round "2"]
[White "ElmerHo"]
[Black "Dostoy"]
[Result "1/2-1/2"]
[WhiteElo "1571"]
[BlackElo "1663"]
[Opening "Caro-Kann: advance variation"]
[ECO "B12"]
[Time "23:30:13"]
[TimeControl "2700+45"]

1. e4 c6 2. d4 d5 3. e5 c5 4. dxc5 e6 5. Qg4 h5 6. Qg3 h4 7. Qg4 Nh6 8. Bxh6
Rxh6 9. Nf3 Nd7 10. Bb5 Rg6 11. Qxh4 Rxg2 12. Qxd8+ Kxd8 13. b4 a6 14. Bxd7 Bxd7
15. Rg1 Rxg1+ 16. Nxg1 a5 17. c3 Bb5 18. Na3 Bd3 19. Kd2 Bf5 20. Nb5 axb4 21.
cxb4 b6 22. Nd6 Bg6 23. a4 bxc5 24. bxc5 Rb8 25. a5 Kc7 26. a6 Kc6 27. Ra5 Ra8
28. Ne2 Be7 29. Nd4+ Kd7 30. a7 Bg5+ 31. Kc3 Bf4 32. c6+ Kc7 33. Ne8+ Rxe8 34.
a8=Q Rxa8 35. Rxa8 Bxe5 36. Ra7+ Kb8 37. Rb7+ Kc8 38. f4 Bxf4 39. Nb5 Be5+ 40.
Kd2 Bf4+ 41. Kc3 Be5+ 42. Kd2 Bf4+ 43. Kc3 {Game drawn by repetition} 1/2-1/2

[Event "Team 45 45 League T40"]
[Site "Internet Chess Club"]
[Date "2009.02.07"]
[Round "2"]
[White "sdcohle"]
[Black "Invicta-Knight"]
[Result "0-1"]
[WhiteElo "1337"]
[BlackElo "1565"]
[Opening "Queen's pawn game"]
[ECO "A46"]
[Time "13:12:59"]
[TimeControl "2700+45"]

1. d4 Nf6 2. Nf3 c5 3. e3 cxd4 4. exd4 d6 5. Nbd2 Nc6 6. b3 g6 7. Bb2 Bg7 8. d5
Nb4 9. c4 O-O 10. a3 Na6 11. Bd3 Qb6 12. O-O Nc5 13. Bc2 Bg4 14. Bd4 Qc7 15. Re1
Rfe8 16. h3 Bd7 17. Rc1 a6 18. b4 e5 19. dxe6 Nxe6 20. Bb2 Qc8 21. Ne4 Nxe4 22.
Bxg7 Nxg7 23. Bxe4 Qc7 24. Bd5 Rxe1+ 25. Qxe1 Nf5 26. Ng5 Bc6 27. Bxf7+ Kh8 28.
Qc3+ Ng7 29. Bd5 Qe7 30. Nf7+ Kg8 31. Nh6+ Kh8 32. Re1 Qc7 33. Bxc6 bxc6 34. Re3
Rf8 35. Rf3 Rxf3 36. Qxf3 Qe7 37. Kh2 Ne6 38. Qxc6 Nd4 39. Qd5 Ne6 40. Ng4 h5
41. Ne3 Kg7 42. h4 Qxh4+ 43. Kg1 Qe7 44. Qe4 Qf6 45. Kh2 Ng5 46. f4 Nxe4 {White
resigns} 0-1

[Event "Team 45 45 League T40"]
[Site "Internet Chess Club"]
[Date "2009.02.08"]
[Round "2"]
[White "basserben"]
[Black "mongmong"]
[Result "0-1"]
[WhiteElo "1672"]
[BlackElo "1688"]
[Opening "French: advance variation"]
[ECO "C02"]
[Time "19:55:21"]
[TimeControl "2700+45"]

1. e4 e6 2. d4 d5 3. e5 c5 4. c3 Nc6 5. Bb5 Bd7 6. Nf3 cxd4 7. Nxd4 Nxe5 8. Bf4
Nc6 9. Qa4 Nxd4 10. Bxd7+ Qxd7 11. Qxd7+ Kxd7 12. cxd4 Bb4+ 13. Nc3 Bxc3+ 14.
bxc3 Rc8 15. Kd2 Ne7 16. Rab1 b6 17. a4 Nc6 18. Kd3 Na5 19. g4 Rc4 20. Rb4 Rhc8
21. Rc1 Rxb4 22. cxb4 Rxc1 23. Bxc1 Nc6 24. Bd2 a6 25. f4 g6 26. g5 Na7 27. Ke3
Nc8 28. Kf3 Nd6 29. Kg4 Ne4 30. Be1 Kc6 31. h4 Nd6 32. h5 Nc4 33. Bc3 Nd6 34.
Kf3 Kd7 35. Kg4 Ke7 36. Kg3 f6 37. Kg4 fxg5 38. fxg5 Ne4 39. Be1 Kd6 40. hxg6
hxg6 41. Kf4 Ke7 42. Kg4 Nd6 43. Kf4 Nc4 44. Kf3 Nb2 45. a5 bxa5 46. bxa5 Nc4
47. Kf4 Kd6 48. Bb4+ Kc6 49. Be1 Kb5 50. Bc3 Ka4 51. Be1 Kb3 52. Kg4 Kc2 53. Bb4
Kd3 54. Bc5 Nxa5 55. Kf4 Nc4 56. Kf3 Nd2+ 57. Kf4 Nb3 58. Ke5 a5 59. Kxe6 Nxd4+
60. Kxd5 Nf3 61. Be7 a4 62. Ke6 a3 63. Bf6 a2 64. Kf7 Nd4 65. Bxd4 Kxd4 66. Kxg6
a1=Q 67. Kh7 Qa7+ 68. Kg8 Qb8+ 69. Kh7 Qc7+ 70. Kh6 Qd8 71. g6 Qg8 72. Kg5 Ke5
73. Kh6 Kf6 74. Kh5 Qxg6+ 75. Kh4 Kf5 76. Kh3 Kf4 77. Kh2 Kf3 78. Kh1 Kg3 79.
Kg1 Qf6 80. Kh1 Qf1# {White checkmated} 0-1

[Event "Team 45 45 League T40"]
[Site "Internet Chess Club"]
[Date "2009.02.08"]
[Round "2"]
[White "ElMarginal"]
[Black "islanderpfeifer"]
[Result "0-1"]
[WhiteElo "1439"]
[BlackElo "1607"]
[Opening "Sicilian: Grand Prix attack"]
[ECO "B21"]
[Time "21:00:15"]
[TimeControl "2700+45"]

1. e4 c5 2. f4 Nc6 3. Nf3 d6 4. d4 cxd4 5. Nxd4 Nf6 6. Nc3 a6 7. Nxc6 bxc6 8.
Be3 Bg4 9. Be2 Bxe2 10. Qxe2 e5 11. fxe5 dxe5 12. Rd1 Qe7 13. O-O Qb4 14. Bg5
Be7 15. Bxf6 Bxf6 16. Rb1 O-O 17. a3 Qc5+ 18. Qf2 Be7 19. Qxc5 Bxc5+ 20. Kh1
Rab8 21. b4 Bd4 22. Ne2 Bb6 23. c4 c5 24. Nc3 cxb4 25. axb4 Bd4 26. Nd5 Rb7 27.
g3 Rfb8 28. Rf3 Bc5 29. Rfb3 a5 30. b5 a4 31. R3b2 a3 32. Ra2 Ra8 33. Rb3 Ra4
34. Nc3 Rxc4 35. Kg2 Bb4 36. Nb1 Rxe4 37. Nxa3 f5 38. Nc4 Rxc4 {White resigns}
0-1

[Event "Team 45 45 League T40"]
[Site "Internet Chess Club"]
[Date "2009.02.07"]
[Round "2"]
[White "Campagnolo"]
[Black "Folgers"]
[Result "0-1"]
[WhiteElo "2061"]
[BlackElo "2070"]
[Opening "Caro-Kann: Panov-Botvinnik attack"]
[ECO "B13"]
[Time "21:00:19"]
[TimeControl "2700+45"]

1. c4 c6 2. e4 d5 3. exd5 cxd5 4. d4 Nc6 5. Nc3 Nf6 6. Nf3 e6 7. c5 Be7 8. Bb5
O-O 9. Bxc6 bxc6 10. O-O Nd7 11. Bf4 Bf6 12. Re1 a5 13. a3 Bb7 14. b4 axb4 15.
axb4 Rxa1 16. Qxa1 Qa8 17. b5 Rc8 18. b6 Kf8 19. Bd6+ Be7 20. Bf4 Bf6 21. Qb2
Ba6 22. Ra1 Qb7 23. Ra5 Ra8 24. Qa3 Qc8 25. Na2 Bb7 26. Nb4 Rxa5 27. Qxa5 Qa8
28. Qxa8+ Bxa8 29. Nd3 Ke8 30. Kf1 Bb7 31. Ke1 h6 32. Kd2 g5 33. Bd6 Be7 34. Bc7
f6 35. Kc3 Nf8 36. Nd2 Kd7 37. Nb3 Ba6 38. Nb4 Bb5 39. Na5 e5 40. dxe5 Bxc5 41.
exf6 Ne6 42. Nb3 d4+ 43. Nxd4 Bxd4+ 44. Kb3 Bxf6 45. Bg3 Nc5+ 46. Kc2 Ba4+ 47.
Kc1 Kc8 48. f4 Kb7 49. fxg5 Bxg5+ 50. Kb2 Kxb6 51. Bf2 Kb5 52. Ka3 Bc1+ {White
resigns} 0-1

[Event "Team 45 45 League T40"]
[Site "Internet Chess Club"]
[Date "2009.02.05"]
[Round "2"]
[White "BigTweeds"]
[Black "nosalt"]
[Result "0-1"]
[WhiteElo "1957"]
[BlackElo "2005"]
[Opening "Sicilian: Sveshnikov variation"]
[ECO "B33"]
[Time "14:59:55"]
[TimeControl "2700+45"]

1. e4 c5 2. Nf3 Nc6 3. d4 cxd4 4. Nxd4 Nf6 5. Nc3 e6 6. Ndb5 d6 7. Bf4 e5 8. Bg5
a6 9. Na3 b5 10. Bxf6 gxf6 11. Nd5 f5 12. c3 Bg7 13. exf5 Bxf5 14. Nc2 O-O 15.
Nce3 Bg6 16. a4 bxa4 17. h4 Be4 18. Qxa4 Bxd5 19. Nxd5 Ne7 20. Bc4 Nxd5 21. Bxd5
Rb8 22. b4 Rb6 23. h5 e4 24. Rc1 Qg5 25. Qd1 Qxg2 26. Rh4 Qg1+ 27. Ke2 Qg5 28.
Rxe4 Qxh5+ 29. Ke1 Qxd1+ 30. Kxd1 Rc8 31. Re7 Rf8 32. Kc2 Rb5 33. Bc4 Rf5 34.
Bxa6 Rxf2+ 35. Kb3 Rg2 36. b5 Rb8 37. Bb7 Rg3 38. Bc6 Be5 39. Kb4 h5 40. Bd5
Rg4+ 41. c4 Rf4 42. Ka5 Bd4 43. Rb7 Ra8+ 44. Kb4 Bc5+ 45. Kc3 Ra3+ 46. Kc2 Rf2+
47. Kd1 Rg3 48. Re7 Bb4 49. Re2 Rg1+ 50. Kc2 Rxe2+ 51. Kb1 Rxc1+ 52. Kxc1 Bc5
{White resigns} 0-1

[Event "Team 45 45 League T40"]
[Site "Internet Chess Club"]
[Date "2009.02.05"]
[Round "2"]
[White "dnmuscg"]
[Black "MeanMrMustard"]
[Result "1-0"]
[WhiteElo "1955"]
[BlackElo "1913"]
[Opening "Sicilian: Taimanov variation"]
[ECO "B46"]
[Time "20:00:15"]
[TimeControl "2700+45"]

1. e4 c5 2. Nf3 e6 3. d4 cxd4 4. Nxd4 Nc6 5. Nc3 a6 6. Be3 Nf6 7. Bd3 Qc7 8. O-O
Be7 9. Nxc6 bxc6 10. f4 d5 11. e5 Nd7 12. Qg4 g6 13. Qh3 c5 14. Bf2 Bb7 15. Rae1
O-O-O 16. Nd1 h5 17. Bh4 Nb8 18. Bxe7 Qxe7 19. c3 Nc6 20. Ne3 Qc7 21. a3 Ne7 22.
b4 c4 23. Bc2 Nf5 24. Bxf5 gxf5 25. Nc2 Rdg8 26. Nd4 Bc6 27. Ra1 Ba4 28. Ra2 Qb6
29. Rb2 Rg4 30. Kh1 h4 31. Qf3 Rhg8 32. Rfb1 Bb5 33. a4 Bxa4 34. b5 Bxb5 35.
Nxb5 axb5 36. Rxb5 Qa7 37. Rb6 Rxg2 38. Qe3 Qc7 39. Ra6 R8g3 40. hxg3 Rxg3 41.
Qf2 d4 42. Qxd4 Rd3 {Black resigns} 1-0

[Event "Team 45 45 League T40"]
[Site "Internet Chess Club"]
[Date "2009.02.09"]
[Round "2"]
[White "azbycx"]
[Black "Budzo"]
[Result "1/2-1/2"]
[WhiteElo "1806"]
[BlackElo "1794"]
[Opening "Queen's pawn game, Darooha variation "]
[ECO "D02"]
[Time "21:45:41"]
[TimeControl "2700+45"]

1. d4 d5 2. Nf3 Nf6 3. g3 c6 4. Bg2 Bg4 5. Ne5 Bh5 6. O-O Nbd7 7. Nd3 e6 8. c3
Bd6 9. Re1 O-O 10. Qb3 Qb6 11. Nd2 Bg6 12. c4 dxc4 13. Qxc4 Rac8 14. Nb3 c5 15.
dxc5 Bxd3 16. Qxd3 Nxc5 17. Nxc5 Bxc5 18. e3 Rfd8 19. Qe2 Rc7 20. b3 Rcd7 21.
Qf3 Bb4 22. Rf1 Bc3 23. Rb1 Qc7 24. Ba3 Qa5 25. Bb2 Bxb2 26. Rxb2 b6 27. Rc1 Rd2
28. b4 Qa3 29. Rbc2 Rxc2 30. Rxc2 Qxb4 31. Qe2 h6 32. Bf3 Qb1+ 33. Kg2 Nh7 34.
Rd2 Rxd2 35. Qxd2 Ng5 36. Bb7 Ne4 {Game drawn by mutual agreement} 1/2-1/2